 Dungeon Crawl Stone Soup version 0.29-a0-973-gac7da5f7f0 (webtiles) character file.

Game seed: 2147218255618213677

14 vurker the Sneak (level 2, 0/14 HPs)
             Began as a Vine Stalker Enchanter on July 31, 2022.
             Slain by a quokka (1 damage)
             ... on level 1 of the Dungeon.
             The game lasted 00:00:46 (1075 turns).

vurker the Sneak (Vine Stalker Enchanter)           Turns: 1075, Time: 00:00:47

Health: 0/14       AC:  2    Str: 10    XL:     2   Next: 45%
Magic:  0/6        EV: 12    Int: 15    God:
Gold:   24         SH:  0    Dex: 14    Spells: 5/5 levels left

rFire   . . .      SeeInvis .   (no weapon)
rCold   . . .      Faith    .   (no shield)
rNeg    . . .      Spirit   +   b - +0 robe
rPois   .          Reflect  .   (no helmet)
rElec   .          Harm     .   (no cloak)
rCorr   .          Rampage  .   (no gloves)
Will    .....                   (no boots)
Stlth   ++........              (no amulet)
HPRegen 0.04/turn               (no ring)
MPRegen 0.10/turn               (no ring)

@: no status effects
A: fangs 2, magic shield, antimagic bite, no potion heal 2
a: no special abilities


You were on level 1 of the Dungeon.
You visited 1 branch of the dungeon, and saw 1 of its levels.

You collected 24 gold pieces.

Inventory:

Armour
 b - a +0 robe (worn)
Scrolls
 a - a scroll of blinking {unknown}
 e - 2 scrolls of identify {unknown}
 f - 2 scrolls of teleportation {unknown}
 g - a scroll of fear {unknown}
 h - a scroll of torment {unknown}
 i - a scroll of enchant armour {unknown}
Potions
 c - 3 potions of invisibility
 d - a potion of attraction {unknown}


   Skills:
 + Level 0.8 Fighting
 * Level 1.8 Short Blades
 - Level 1.5 Dodging
 - Level 3.6 Stealth
 - Level 2.1 Spellcasting
 - Level 3.0 Hexes


You had 5 spell levels left.
You didn't know any spells.
Your spell library contained the following spells:

 Spells                   Type           Power      Damage    Failure   Level
 Ensorcelled Hibernation  Hex/Ice        12%        N/A       19%         2
 Confusing Touch          Hex            10%        N/A       19%         3
 Tukima's Dance           Hex            10%        N/A       19%         3
 Dazzling Flash           Conj/Hex       12%        N/A       34%         3


Dungeon Overview and Level Annotations

Branches:
Dungeon (1/15)

Altars:


Innate Abilities, Weirdness & Mutations

You have extremely sharp teeth.
When hurt, damage is shared between your health and your magic reserves.
Your bite disrupts and absorbs the magic of your enemies.
Potions cannot restore your health.


Message History

The kobold throws a stone.
The stone closely misses you.
Things that are here:
a +0 dagger; a goblin corpse The kobold throws a stone.
The stone hits you but does no damage. The kobold barely misses you.
You hit the kobold. The kobold hits you with a +0 club.
You hit the kobold. Your bite misses the kobold. The kobold misses you.
You hit the kobold but do no damage. The kobold hits you but does no damage.
You hit the kobold but do no damage. The kobold closely misses you.
You miss the kobold. You bite the kobold.
You kill the kobold!
No target in view!
No target in view!
Things that are here:
a +0 club; 2 stones; a kobold corpse
Found a scroll labelled CELEQU LARHE.
i - a scroll labelled CELEQU LARHE
Found a stone staircase leading down.
Found 15 gold pieces.
No target in view!
A quokka and a dart slug come into view.
There are monsters nearby!
There are monsters nearby!
There are monsters nearby!
The helpless quokka fails to defend itself.
You hit the quokka but do no damage. Your bite misses the quokka.
The quokka bites you.
You barely miss the quokka. You bite the quokka, but do no damage.
The quokka closely misses you.
You closely miss the quokka. Your bite misses the quokka. The quokka bites you.
You barely miss the quokka. The quokka closely misses you.
The quokka bites you but does no damage.
You closely miss the quokka. The quokka barely misses you.
You completely miss the quokka. The quokka bites you.
You barely miss the quokka. The quokka closely misses you.
You hit the quokka but do no damage. The quokka bites you.
* * * LOW HITPOINT WARNING * * *
You barely miss the quokka. The quokka bites you.
* * * LOW HITPOINT WARNING * * *
The quokka closely misses you. The quokka bites you.
* * * LOW HITPOINT WARNING * * *
You barely miss the quokka. You bite the quokka, but do no damage.
The quokka closely misses you.
You hit the quokka but do no damage. You bite the quokka, but do no damage.
The quokka closely misses you.
You barely miss the quokka. Your bite misses the quokka. The quokka bites you.
* * * LOW HITPOINT WARNING * * *
The quokka bites you.
You die...

#.##....# #....#
..#...# ##.#...#
#.#...#
#.....##############
#.................
#.#.##############
#@#.##### #r#..$$.#
#w.####.# #.># #..#
#..# #.## #.# #.#


You could see a dart slug and a quokka.

Vanquished Creatures
  2 endoplasms (D:1)
  4 goblins (D:1)
  A hobgoblin (D:1)
  A quokka (D:1)
  A bat (D:1)
  2 kobolds (D:1)
  2 rats (D:1)
13 creatures vanquished.

Notes
Turn   | Place    | Note
-------+----------+-------------------------------------------
     0 | D:1      | vurker the Vine Stalker Enchanter began the quest for the
                  | Orb.
     0 | D:1      | Reached XP level 1. HP: 9/9 MP: 4/4
    42 | D:1      | Reached skill level 1 in Short Blades
   489 | D:1      | Reached XP level 2. HP: 11/14 MP: 4/6
  1075 | D:1      | Slain by a quokka

Illustrated notes

Levels and vault maps discovered:
D:1:      dpeg_arrival_line_fractal, layout_rooms

Skill      XL: |  1 |
---------------+----+-----
Short Blades   | 1 |  1.8
Fighting       | |  0.8
Dodging        | |  1.5
Stealth        | |  3.6
Spellcasting   | |  2.1
Hexes          | |  3.0

Action                   || total
-------------------------++-------
Melee: Unarmed           ||    63
       Bite              ||    19
 Stab: Sleeping          ||     6
Armor: Robe              ||     9
Dodge: Dodged            ||    31

Table legend: (Time is in decaauts)
 A = Elapsed time spent in this place.
 B = Non-inter-level travel time spent in this place.
 C = Inter-level travel time spent in this place.
 D = Time resting spent in this place.
 E = Time spent auto-exploring this place.
 F = Levels seen in this place.
 G = Mean time per level.
                   A        B        C        D        E       F      G
               +--------+--------+--------+--------+--------+-----+--------+
         Total |   1075 |   1075 |      0 |      0 |    929 |   1 | 1075.0 |
       Dungeon |   1075 |   1075 |      0 |      0 |    929 |   1 | 1075.0 |
               +--------+--------+--------+--------+--------+-----+--------+

Top non-repeatable levels by time:
     D:1: 1075 daAuts
